 Dungeon Crawl Stone Soup version 0.29-a0-613-gf2c431b9b9 (webtiles) character file.

Game seed: 18112632023004154013

1115 dolemite99 the Slicer (level 8, -4/62 HPs)
             Began as a Minotaur Hunter on June 16, 2022.
             Was a Follower of Fedhas.
             Slain by an orc warrior
             ... wielding a +0 battleaxe
              (12 damage)
             ... on level 6 of the Dungeon.
             The game lasted 00:06:15 (6607 turns).

dolemite99 the Slicer (Minotaur Hunter)             Turns: 6607, Time: 00:06:16

Health: -4/62      AC:  7    Str: 15    XL:     8   Next: 12%
Magic:  7/7        EV: 10    Int:  6    God:    Fedhas [*.....]
Gold:   333        SH:  0    Dex: 17    Spells: 7/7 levels left

rFire   . . .      SeeInvis .   b - +2 dagger (elec)
rCold   . . .      Faith    .   (no shield)
rNeg    . . .      Spirit   .   p - +1 scale mail
rPois   .          Reflect  .   (helmet restricted)
rElec   .          Harm     .   (no cloak)
rCorr   .          Rampage  .   (no gloves)
Will    .....                   (no boots)
Stlth   ..........              (no amulet)
HPRegen 0.20/turn               (no ring)
MPRegen 0.10/turn               (no ring)

@: no status effects
A: horns 2, retaliatory headbutt
a: Renounce Religion


You were on level 6 of the Dungeon.
You worshipped Fedhas.
Fedhas was aware of your devotion.
You visited 1 branch of the dungeon, and saw 6 of its levels.

You collected 333 gold pieces.

Inventory:

Hand Weapons
 a - a +4 hand crossbow
 b - a +2 dagger of electrocution (weapon)
Missiles
 g - a throwing net
 w - 5 poisoned darts
Armour
 i - a +0 leather armour
 j - a +0 ring mail
 n - a +0 chain mail
 p - a +1 scale mail (worn)
Jewellery
 k - the macabre finger necklace {rN+}
   (You found it on level 2 of the Dungeon)

   [amulet of nothing]

   It enables you to equip an extra ring.
   rN:        It protects you from negative energy.
 l - the ring of Shadows {Umbra +Inv Stlth+}
   (You found it on level 5 of the Dungeon)

   [ring of stealth]

   It surrounds you with an aura of shadow, increasing your stealth and reducing
   the accuracy of all others within it.
   +Inv:      It lets you turn invisible.
   Stlth:     It makes you more stealthy.
 q - a ring of resist corrosion
 r - a ring of fire
 v - a +6 ring of strength
Scrolls
 c - 2 scrolls of immolation
 d - a scroll of amnesia
 f - 2 scrolls of teleportation
 t - a scroll of blinking
 x - 2 scrolls of silence
Potions
 e - 2 potions of resistance {unknown}
 h - a potion of mutation {unknown}
 o - a potion of flight {unknown}
 s - 2 potions of attraction
 u - a potion of might


   Skills:
 - Level 2.4 Fighting
 + Level 8.9 Short Blades
 - Level 7.0 Crossbows
 - Level 2.1 Dodging
 - Level 0.7 Stealth


You had 7 spell levels left.
You didn't know any spells.
Your spell library contained the following spells:

 Spells                   Type           Power      Damage    Failure   Level
 Ignite Poison            Fire/Tmut/Pois 0%         N/A       99%         3
 Mephitic Cloud           Conj/Pois/Air  0%         N/A       99%         3
 Freezing Cloud           Conj/Ice/Air   0%         6-21      100%        5


Dungeon Overview and Level Annotations

Branches:
Dungeon (6/15)
 Temple: D:4-7

Altars:
Ashenzari
Cheibriados
Fedhas
Okawaru
Sif Muna
Wu Jian

Annotations:
D:2 1 runed translucent door, Crazy Yiuf


Innate Abilities, Weirdness & Mutations

You have a pair of horns on your head.
You reflexively headbutt those who attack you in melee.


Message History

a - a +4 hand crossbow (weapon)
s - 2 potions of attraction (gained 1)
An orc comes into view. It is wielding a +0 whip.
Found a stone staircase leading up.
The orc shouts!
You hear a shout!
An orc is nearby!
You shoot a bolt. The bolt hits the orc.
The orc is moderately wounded.
You shoot a bolt. The bolt closely misses the orc.
An orc warrior comes into view. It is wielding a +0 battleaxe.
An orc comes into view. It is wielding a +0 club.
You shoot a bolt. The bolt closely misses the orc.
The orc shouts!
The bolt hits the orc warrior.
The orc warrior is lightly wounded.
The orc barely misses you. The orc attacks as you move away!
The orc hits you but does no damage. The orc attacks as you move away!
The orc hits you with a +0 whip.
A centaur comes into view.
You hear the crackle of electricity.
b - a +2 dagger of electrocution (weapon)
You hit the orc. Lightning courses through the orc!
You kill the orc!
Fedhas appreciates your contribution to the ecosystem.
The centaur wields a +0 shortbow.
The centaur shoots an arrow.
The arrow hits you!
The centaur shoots an arrow.
The arrow misses you.
The arrow hits the orc warrior.
The orc warrior hits you with a +0 battleaxe!
You see here a +0 whip.
The centaur shoots an arrow.
The arrow hits you.
The orc warrior hits you with a +0 battleaxe!
* * * LOW HITPOINT WARNING * * *
The centaur shoots an arrow.
The arrow hits you!
* * * LOW HITPOINT WARNING * * *
You feel better.
The centaur shoots an arrow.
The arrow hits you!
* * * LOW HITPOINT WARNING * * *
The orc warrior hits you with a +0 battleaxe!
You die...
Fedhas appreciates your contribution to the ecosystem.

.##... ##.#.###........
......# #..#.#..........
.......###...............
.........................
<........##..............
...................#.....
.....###...........###...
..... ##o)..............
.... #@o...........#...
###..................##..
..#................# .#.
#....##.#........ #.#.#
###........ # ##
.....c... ......... .....


You could see an orc warrior, a centaur and an orc.

Vanquished Creatures
  A water moccasin (D:5)
  3 ogres (D:5)
  A black bear (D:5)
  A bullfrog (D:6)
  2 scorpions
  A hound (D:4)
  2 gnoll shamans (D:5)
  A jelly (D:6)
  A bullfrog skeleton (D:4)
  An iron imp (D:5)
  An orc wizard (D:4)
  A hound skeleton (D:4)
  9 adders
  6 gnolls
  A shadow imp (D:5)
  2 white imps (D:5)
  2 ufetubi
  An adder zombie (D:4)
  2 adder skeletons (D:4)
  4 dart slugs
  4 worms
  6 orcs
  8 endoplasms
  A giant cockroach (D:4)
  7 goblins
  5 hobgoblins
  8 jackals
  4 quokkas
  4 ball pythons
  6 bats
  3 frilled lizards
  6 kobolds
  8 rats
113 creatures vanquished.

Vanquished Creatures (others)
  A withered plant (D:4)
1 creature vanquished.

Grand Total: 114 creatures vanquished

Notes
Turn   | Place    | Note
-------+----------+-------------------------------------------
     0 | D:1      | dolemite99 the Minotaur Hunter began the quest for the Orb.
     0 | D:1      | Reached XP level 1. HP: 18/18 MP: 0/0
    18 | D:1      | Found a faded altar of an unknown god.
    82 | D:1      | Prayed at the altar of an unknown god.
    82 | D:1      | Became a worshipper of Sif Muna the Loreminder
    82 | D:1      | Reached * piety under Sif Muna
    88 | D:1      | Fell from the grace of Sif Muna
   335 | D:1      | Reached XP level 2. HP: 20/25 MP: 1/1
   443 | D:1      | Reached skill level 5 in Crossbows
   992 | D:1      | Reached XP level 3. HP: 29/30 MP: 2/2
  1249 | D:2      | Found a runed translucent door.
  1250 | D:2      | Noticed Crazy Yiuf
  2085 | D:2      | Found the macabre finger necklace {rN+}
  2242 | D:3      | Reached XP level 4. HP: 33/37 MP: 3/3
  2622 | D:3      | Found a blossoming altar of Fedhas.
  2855 | D:3      | Found a broken altar of Ashenzari.
  3298 | D:3      | Became a worshipper of Fedhas Madash
  3690 | D:4      | Reached XP level 5. HP: 42/42 MP: 4/4
  3781 | D:4      | Reached skill level 1 in Short Blades
  3899 | D:4      | Reached skill level 2 in Short Blades
  4203 | D:4      | Found an ornate altar of the Wu Jian Council.
  4236 | D:4      | Reached skill level 3 in Short Blades
  4582 | D:4      | Reached * piety under Fedhas
  4585 | D:4      | Found an iron altar of Okawaru.
  4635 | D:5      | Entered Level 5 of the Dungeon
  4771 | D:5      | Found the ring of Shadows {Umbra +Inv Stlth+}
  4780 | D:5      | Reached skill level 4 in Short Blades
  4780 | D:5      | Reached XP level 6. HP: 42/50 MP: 5/5
  5295 | D:5      | Reached skill level 5 in Short Blades
  5856 | D:5      | Found a snail-covered altar of Cheibriados.
  5995 | D:5      | Reached XP level 7. HP: 48/56 MP: 6/6
  6005 | D:5      | Reached skill level 6 in Short Blades
  6196 | D:5      | Reached skill level 7 in Short Blades
  6403 | D:5      | Reached skill level 8 in Short Blades
  6528 | D:6      | Reached XP level 8. HP: 59/62 MP: 7/7
  6607 | D:6      | Slain by an orc warrior

Illustrated notes

Levels and vault maps discovered:
D:1:      dpeg_arrival_rhombus, layout_basic, basic_ecumenical_altar
D:2:      layout_basic, minmay_fountain_box, uniq_crazy_yiuf_cottage
D:3:      layout_rooms, lemuel_tele_altar, fedhas_altar_1,
          minmay_misc_feat_nine_boxes
D:4:      layout_cave_pools, mainiacjoe_overflow_six_doors_small,
          marbit_many_paths, serial_undead, serial_undead_b, serial_undead_f,
          serial_undead_d, serial_undead_c
D:5:      black_bear_nest_2, layout_cave_pools, slow_altar_2
D:6:      old_forge, layout_cave_pools, tgw_sif, temple_green

Skill      XL: |  1  2  3  4  5  6  7 |
---------------+----------------------+-----
Crossbows      | 5 6 7 |  7.0
Short Blades   | 4 5 8 |  8.9
Fighting       | |  2.4
Dodging        | |  2.1
Stealth        | |  0.7

Action                   |  1- 3 |  4- 6 |  7- 9 || total
-------------------------+-------+-------+-------++-------
Melee: Dagger            |       |    95 |    31 ||   126
       Headbutt          |       |    18 |     5 ||    23
       Punch             |       |     1 |       ||     1
 Fire: Hand crossbow     |   114 |   123 |    19 ||   256
Invok: Renounce Religion |     1 |       |       ||     1
  Use: Scroll            |     4 |     5 |     6 ||    15
       Potion            |       |     3 |     2 ||     5
Armor: Leather armour    |    10 |       |       ||    10
       Ring mail         |     2 |    24 |       ||    26
       Scale mail        |       |    50 |    15 ||    65
Dodge: Dodged            |    22 |   110 |    29 ||   161

Table legend: (Time is in decaauts)
 A = Elapsed time spent in this place.
 B = Non-inter-level travel time spent in this place.
 C = Inter-level travel time spent in this place.
 D = Time resting spent in this place.
 E = Time spent auto-exploring this place.
 F = Levels seen in this place.
 G = Mean time per level.
                   A        B        C        D        E       F      G
               +--------+--------+--------+--------+--------+-----+--------+
         Total |   6652 |   6452 |    200 |   1971 |   3457 |   6 | 1108.7 |
       Dungeon |   6652 |   6452 |    200 |   1971 |   3457 |   6 | 1108.7 |
               +--------+--------+--------+--------+--------+-----+--------+

Top non-repeatable levels by time:
     D:5: 1704 daAuts
     D:3: 1443 daAuts
     D:2: 1182 daAuts
     D:4: 1100 daAuts
     D:1: 1056 daAuts
     D:6: 166 daAuts
